 Dungeon Crawl Stone Soup version 0.29.1-1-gd02db6906a (webtiles) character file.

Game seed: 18371436444744989657

71 karrick the Trooper (level 4, 0/29 HPs)
             Began as a Gargoyle Fighter on Sept 28, 2022.
             Killed from afar by Ijyb (18 damage)
             ... with a bolt of dispelling energy
             ... on level 3 of the Dungeon.
             The game lasted 00:03:09 (2115 turns).

karrick the Trooper (Gargoyle Fighter)              Turns: 2115, Time: 00:03:09

Health: 0/29       AC: 11    Str: 19    XL:     4   Next: 24%
Magic:  4/4        EV: 13    Int:  9    God:
Gold:   59         SH:  4    Dex: 11    Spells: 3/3 levels left

rFire   . . .      SeeInvis .   a - +0 flail
rCold   . . .      Faith    .   c - +0 buckler
rNeg    + . .      Spirit   .   b - +0 scale mail
rPois   ∞          Reflect  .   (no helmet)
rElec   +          Harm     .   (no cloak)
rCorr   .          Rampage  .   o - +0 pair of gloves
Will    .....                   (no boots)
Stlth   ..........              (no amulet)
HPRegen 0.09/turn               s - +4 ring of evasion
MPRegen 0.09/turn               (no ring)

@: no status effects
A: sickness immunity, AC +3, negative energy resistance 1, electricity
resistance, torment resistance 1, petrification resistance
a: no special abilities


You were on level 3 of the Dungeon.
You visited 1 branch of the dungeon, and saw 3 of its levels.

You collected 59 gold pieces.

Inventory:

Hand Weapons
 a - a +0 flail (weapon)
Armour
 b - a +0 scale mail (worn)
 c - a +0 buckler (worn)
 o - a +0 pair of gloves (worn)
Jewellery
 i - a ring of wizardry
 s - a +4 ring of evasion (left hand)
 t - an amulet of the acrobat
Scrolls
 f - 4 scrolls of identify {unknown}
 h - a scroll of silence {unknown}
 j - a scroll of noise {unknown}
 l - a scroll of amnesia {unknown}
 n - a scroll of immolation {unknown}
 p - a scroll of teleportation {unknown}
 q - 2 scrolls of blinking {unknown}
 r - a scroll of enchant weapon {unknown}
Potions
 d - 2 potions of might
 e - a potion of degeneration {unknown}
 g - a potion of ambrosia {unknown}
 k - a potion of attraction {unknown}
 m - 2 potions of berserk rage {unknown}


   Skills:
 + Level 3.8 Fighting
 + Level 3.2 Maces & Flails
 + Level 3.7 Armour
 + Level 0.2 Stealth
 + Level 3.7 Shields


You had 3 spell levels left.
You didn't know any spells.
Your spell library contained the following spells:

 Spells                   Type           Power      Damage    Failure   Level
 Magic Dart               Conj           0%         1d3       83%         1
 Searing Ray              Conj           0%         2d4       93%         2
 Static Discharge         Conj/Air       0%         3-3/arc   93%         2
 Summon Guardian Golem    Hex/Summ       0%         N/A       99%         3
 Dispel Undead            Necr           0%         3d6       100%        4
 Fulminant Prism          Conj/Hex       0%         3d6       100%        4
 Sticky Flame             Conj/Fire      0%         2d3       100%        4
 Orb of Destruction       Conj           0%         9d5       100%        7
 Spellforged Servitor     Conj/Summ      0%         N/A       100%        7


Dungeon Overview and Level Annotations

Branches:
Dungeon (3/15)

Altars:
Hepliaklqana

Annotations:
D:3 Ijyb


Innate Abilities, Weirdness & Mutations

You are immune to sickness and miasma.
Your stone body is resilient. (AC +3)
You are immune to poison.
You resist negative energy. (rN+)
You are resistant to electric shocks. (rElec)
You are resistant to unholy torment.
You are immune to petrification.


Message History

No target in view!
No target in view!
No target in view!
Found 3 poisoned darts.
You see here a +0 robe.
There is a stone staircase leading down here.
A bat comes into view.
The bat moves out of view.
The bat closely misses you.
You hit the bat.
You kill the bat!
No target in view!
No target in view!
No target in view!
No target in view!
No target in view!
No target in view!
No target in view!
No target in view!
No target in view!
No target in view!
No target in view!
No target in view!
No target in view!
No target in view!
You now have 59 gold pieces (gained 9).
Ijyb the Twisted Goblin comes into view.
She is wielding a +0 club and carrying a wand of quicksilver (11).
Ijyb zaps a wand.
The bolt of dispelling energy misses you.
Ijyb is nearby!
Ijyb zaps a wand.
The bolt of dispelling energy misses you.
Ijyb zaps a wand.
The bolt of dispelling energy hits you!
You barely miss Ijyb. Ijyb completely misses you.
You hit Ijyb.
Ijyb is lightly wounded.
Ijyb zaps a wand.
The bolt of dispelling energy hits you!!
Ouch! That really hurt!
You die...

# # ################
##.............#
##.............#
##.............######...
##....#....####.@....#
...>.............g......
............#...........
..#.........#........###
..#.#...........)......
.[#.........#....#######
..................
............#.#.##
.....#†..<..#


You could see Ijyb.

Vanquished Creatures
  3 adders (D:2)
  3 ball pythons (D:1)
  5 endoplasms
  2 giant cockroaches (D:1)
  5 goblins
  5 hobgoblins
  4 kobolds
  2 quokkas
  4 bats
  4 frilled lizards
  4 rats
41 creatures vanquished.

Vanquished Creatures (others)
  3 plants
3 creatures vanquished.

Grand Total: 44 creatures vanquished

Notes
Turn   | Place    | Note
-------+----------+-------------------------------------------
     0 | D:1      | karrick the Gargoyle Fighter began the quest for the Orb.
     0 | D:1      | Reached XP level 1. HP: 14/14 MP: 1/1
   232 | D:1      | Reached XP level 2. HP: 19/19 MP: 2/2
   236 | D:1      | You fall into a shaft and drop 1 floor!
   278 | D:2      | Found a hazy altar of Hepliaklqana.
   877 | D:1      | Reached XP level 3. HP: 23/23 MP: 3/3
   907 | D:1      | Found a faded altar of an unknown god.
  1291 | D:2      | Reached XP level 4. HP: 21/29 MP: 4/4
  2109 | D:3      | Noticed Ijyb
  2115 | D:3      | Killed from afar by Ijyb

Illustrated notes

Levels and vault maps discovered:
D:1:      giann_bridges, layout_loops_ring,
          chequers_ecumenical_altar_simple_redux, minmay_distorted
D:2:      layout_loops_ring, basic_altar, minmay_crystal_water,
          serial_bayou_pond_a
D:3:      layout_basic, serial_shops, nicolae_shop_advertising_works
          [nicolae_subvault_shop_adworks], shop, due_unseen_surprise,
          uniq_terence, uniq_ijyb

Skill      XL: |  1  2  3 |
---------------+----------+-----
Maces & Flails | 3 |  3.2
Fighting       | |  3.8
Armour         | |  3.7
Stealth        | |  0.2
Shields        | |  3.7

Action                   |  1- 3 |  4- 6 || total
-------------------------+-------+-------++-------
Melee: Flail             |   110 |    39 ||   149
Armor: Scale mail        |    57 |    22 ||    79
Dodge: Dodged            |    45 |    28 ||    73
Block: Buckler           |    25 |    13 ||    38
